 Dungeon Crawl Stone Soup version 0.26-a0-648-g87339cca5e (webtiles) character file.

Game seed: 3998377667750258236

242 Descartes the Magician (level 5, -7/28 HPs)
             Began as a Deep Elf Hedge Wizard on Sept 25, 2020.
             Killed from afar by an orc wizard (9 damage)
             ... with a puff of frost
             ... on level 3 of the Dungeon.
             The game lasted 00:07:18 (3935 turns).

Descartes the Magician (Deep Elf Hedge Wizard)      Turns: 3935, Time: 00:07:18

Health: -7/28      AC:  5    Str:  7    XL:     5   Next: 81%
Magic:  4/14       EV: 13    Int: 20    God:
Gold:   175        SH:  5    Dex: 14    Spells: 13/14 levels left

rFire    + . .     SeeInvis .   a - +0 dagger
rCold    . . .     Faith    .   (no shield)
rNeg     . . .     Spirit   .   o - +2 leather armour {rF+}
rPois    +         Reflect  +   c - +0 hat
rElec    .         Harm     .   (no cloak)
rCorr    .         Rampage  .   (no gloves)
MR       .....                  (no boots)
Stlth    +++.......             i - amulet of reflection
HPRegen  0.09/turn              e - ring of poison resistance
MPRegen  0.14/turn              (no ring)

@: no status effects
A: no striking features
a: no special abilities


You were on level 3 of the Dungeon.
You visited 1 branch of the dungeon, and saw 3 of its levels.

You collected 175 gold pieces.

Inventory:

Hand Weapons
 a - a +0 dagger (weapon)
Missiles
 j - 61 stones (quivered)
 p - 13 poisoned darts
 s - 14 arrows
 v - a throwing net
Armour
 b - a +0 robe
 c - a +0 hat (worn)
 o - a +2 leather armour of fire resistance (worn)
Jewellery
 e - a ring of poison resistance (left hand)
 i - an amulet of reflection (around neck)
Scrolls
 d - 2 scrolls of fog {unknown}
 f - 4 scrolls of remove curse {unknown}
 k - a scroll of enchant armour {unknown}
 l - 2 scrolls of blinking {unknown}
 m - 2 scrolls of teleportation {unknown}
 q - a scroll of immolation {unknown}
Potions
 g - 4 potions of curing {unknown}
 h - a potion of heal wounds {unknown}
 n - 2 potions of stabbing {unknown}
 r - a potion of berserk rage {unknown}
 t - a potion of flight {unknown}
 u - a potion of mutation {unknown}


   Skills:
 + Level 4.5 Dodging
 + Level 4.9 Stealth
 - Level 5.0 Spellcasting
 + Level 3.5 Conjurations
   Level 1.1 Summonings
   Level 1.1 Translocations


You had 13 spell levels left.
You knew the following spells:

 Your Spells              Type           Power        Failure   Level
a - Magic Dart            Conj           ###.         4%          1

Your spell library contained the following spells:

 Spells                   Type           Power        Failure   Level
 Blink                    Tloc           N/A          17%         2
 Call Imp                 Summ           #.......     17%         2
 Slow                     Hex            #.......     26%         2
 Conjure Flame            Conj/Fire      ##......     26%         3
 Mephitic Cloud           Conj/Pois/Air  #.......     32%         3


Dungeon Overview and Level Annotations

Branches:
Dungeon (3/15)

Altars:
The Shining One

Annotations:
D:3 2 transporters, stillor's ghost, amateur DEWz


Message History

The orc wizard is moderately wounded.
The orc wizard hits you but does no damage.
You closely miss the orc wizard.
The orc wizard is moderately wounded.
The orc wizard hits you but does no damage.
You block the orc wizard's attack.
You hit the orc wizard but do no damage.
The orc wizard is moderately wounded.
The orc wizard misses you.
You barely miss the orc wizard.
The orc wizard is moderately wounded.
The orc wizard casts a spell at you. The puff of frost hits you.
* * * LOW HITPOINT WARNING * * *
The orc wizard misses you.
You hit the orc wizard but do no damage.
The orc wizard is moderately wounded.
The orc wizard points at you and mumbles some strange words.
The puff of frost hits you!
You die...

##.## #.# #.# #.# #.# #.# #.#
#.# #.# ##'## #.######
#.###...## #......#
#.##.....## ##..)##.#
#.#.......## ##..#.##.#
..##..........####...#.##.####
........[....ooo@...[.........
..###.........####....)...####
##.......## ##.##)####
##.....## ####.### ##...##
#####.....# ##+## ##.........#
#.# #.............. #.#
#.############# ##.##
#.#....ZWZ...©#.


You could see an orc wizard (fast) and 2 orcs.

Vanquished Creatures
  An orc priest (D:3)
  A worker ant (D:3)
  11 adders
  A worm (D:2)
  2 dart slugs
  4 leopard geckos
  5 orcs (D:3)
  8 ball pythons
  11 bats
  4 giant cockroaches
  5 goblins (D:1)
  7 hobgoblins
  11 kobolds (D:1)
  A frilled lizard (D:1)
  7 rats
79 creatures vanquished.

Notes
Turn   | Place    | Note
-------+----------+-------------------------------------------
     0 | D:1      | Descartes the Deep Elf Hedge Wizard began the quest for the
                  | Orb.
     0 | D:1      | Reached XP level 1. HP: 10/10 MP: 7/7
   171 | D:1      | Reached XP level 2. HP: 15/15 MP: 6/9
   834 | D:1      | Reached XP level 3. HP: 19/19 MP: 7/11
  1687 | D:2      | Reached skill level 5 in Spellcasting
  2046 | D:2      | Reached XP level 4. HP: 24/24 MP: 3/13
  2745 | D:2      | Reached XP level 5. HP: 25/28 MP: 5/14
  3400 | D:3      | Found a transporter.
  3400 | D:3      | Noticed stillor's ghost (amateur DEWz)
  3480 | D:3      | Found a glowing golden altar of the Shining One.
  3710 | D:3      | Found a transporter.
  3935 | D:3      | Killed from afar by an orc wizard

Illustrated notes

Levels and vault maps discovered:
D:1:      minmay_arrival_three_doors, layout_basic
D:2:      layout_rooms, minivault_4, minmay_snake_closets
D:3:      layout_loops_corners, grunt_temple_overflow_order_and_chaos_2,
          tso_metal_star, gammafunk_ghost_mausoleum

Skill      XL: |  1  2  3  4  5 |
---------------+----------------+-----
Stealth        | 3 4 |  4.9
Dodging        | 3 4 |  4.5
Conjurations   | 2 3 |  3.5
Spellcasting   | 5 |  5.0
Summonings     | |  1.1
Translocations | |  1.1

Action                   |  1- 3 |  4- 6 || total
-------------------------+-------+-------++-------
Melee: Dagger            |     5 |     8 ||    13
 Cast: Magic Dart        |   127 |   121 ||   248
Armor: Robe              |     1 |       ||     1
       Leather armour    |     3 |    16 ||    19
Dodge: Dodged            |    26 |    41 ||    67
Block: Other             |     4 |    18 ||    22

Table legend: (Time is in decaauts)
 A = Elapsed time spent in this place.
 B = Non-inter-level travel time spent in this place.
 C = Inter-level travel time spent in this place.
 D = Time resting spent in this place.
 E = Time spent auto-exploring this place.
 F = Levels seen in this place.
 G = Mean time per level.
                   A        B        C        D        E       F      G
               +--------+--------+--------+--------+--------+-----+--------+
         Total |   3939 |   3850 |     89 |     86 |   3287 |   3 | 1313.0 |
       Dungeon |   3939 |   3850 |     89 |     86 |   3287 |   3 | 1313.0 |
               +--------+--------+--------+--------+--------+-----+--------+

Top non-repeatable levels by time:
     D:1: 1718 daAuts
     D:2: 1381 daAuts
     D:3: 839 daAuts
